 Dungeon Crawl Stone Soup version 0.25-a0-578-gc91f01c39c (webtiles) character file.

Game seed: 11001433814095408262, levelgen mode: classic

68909 EnegeticOcto the Champion of Chaos (level 14, -1/139 HPs)
             Began as a Deep Dwarf Fighter on Mar 5, 2020.
             Was the Champion of Makhleb.
             Slain by a titanic slime creature (61 damage)
             ... on level 1 of the Swamp.
             The game lasted 00:11:11 (12257 turns).

EnegeticOcto the Champion of Chaos (DDFi)          Turns: 12257, Time: 00:11:12

Health: -1/139     AC: 28    Str: 27    XL:     14   Next: 88%
Magic:  18/18      EV:  7    Int: 12    God:    Makhleb [******]
Gold:   1526       SH: 13    Dex: 12    Spells: 13/13 levels left

rFire    + + .     SeeInvis .   a - +6 broad axe
rCold    . . .     Gourm    .   c - +0 kite shield
rNeg     + . .     Faith    +   v - +1 plate armour {rF+}
rPois    .         Spirit   .   y - +2 helmet {Int+3}
rElec    +         Reflect  .   d - +2 cloak
rCorr    .         Harm     .   F - +1 pair of gloves
MR       ++...                  r - +1 pair of boots
Stlth    ..........             b - amulet of Vainta {Faith rElec Str+4}
HPRegen  0.00/turn              w - ring of protection from fire
MPRegen  0.16/turn              p - +2 ring of slaying

@: non-regenerating
A: damage resistance, heal wounds, talons 1, blink, negative energy resistance
1, sense surroundings 2, weak 1, no regeneration
a: Heal Wounds, Blink, Minor Destruction, Lesser Servant of Makhleb, Major
Destruction, Greater Servant of Makhleb, Renounce Religion


You were on level 1 of the Swamp.
You worshipped Makhleb.
Makhleb was exalted by your worship.
You were not hungry.

You visited 4 branches of the dungeon, and saw 21 of its levels.
You also visited: Sewer, Bailey and Gauntlet.

You collected 1526 gold pieces.

Inventory:

Hand Weapons
 a - a +6 broad axe (weapon)
 I - a +4 falchion of distortion
Armour
 c - a +0 kite shield (worn)
 d - a +2 cloak (worn)
 r - a +1 pair of boots (worn)
 v - a +1 plate armour of fire resistance (worn)
 y - a +2 helmet of intelligence (worn)
 F - a +1 pair of gloves (worn)
 P - the +1 hat of Baldness {rC+ Str-3 Dex+3}
   (You found it in a Gauntlet)

   It affects your strength (-3).
   It affects your dexterity (+3).
   It protects you from cold.
   If you switch to wearing this armour, your AC will decrease by 3 (28 -> 25).
Jewellery
 b - the amulet of Vainta (around neck) {Faith rElec Str+4}
   (You acquired it on level 8 of the Dungeon)

   [amulet of faith]

   It allows you to gain divine favour quickly.
   It affects your strength (+4).
   It insulates you from electricity.
 p - a +2 ring of slaying (right hand)
 w - a ring of protection from fire (left hand)
Wands
 l - a wand of polymorph (27)
 u - a wand of iceblast (17)
 x - a wand of digging (10) {@v2}
 B - a wand of flame (11)
 D - a wand of clouds (9)
 G - a wand of paralysis (19)
 J - a wand of acid (9) {@v1}
Scrolls
 i - 7 scrolls of enchant armour
 o - 5 scrolls of remove curse {@r6}
 q - 10 scrolls of teleportation {@r2}
 t - a scroll of fear
 z - 3 scrolls of identify {@r1}
 H - a scroll of vulnerability
 L - 3 scrolls of fog
 Q - a scroll of blinking {@r3}
Potions
 f - 5 potions of berserk rage
 g - 2 potions of magic
 h - 10 potions of curing {@q1}
 j - 2 potions of stabbing {@q5}
 k - 4 potions of might {@q3}
 m - 2 potions of resistance {@q6}
 n - 4 potions of haste {@q4}
 s - 2 potions of flight
 A - 4 potions of heal wounds {@q2}
 C - 4 potions of cancellation
 E - 2 potions of lignification {@q7}
 K - a potion of invisibility
 M - 2 potions of mutation
Comestibles
 e - 40 rations


   Skills:
 * Level 12.9 Fighting
 * Level 14.7 Axes
 + Level 11.1 Armour
 + Level 11.2 Shields
 * Level 15.0 Invocations


You had 13 spell levels left.
You didn't know any spells.
Your spell library was empty.

Dungeon Overview and Level Annotations

Branches:
Dungeon (15/15)            Temple (1/1) D:6            Lair (4/6) D:10
  Swamp (1/4) Lair:2       Spider (0/4) Lair:3          Orc (0/2) D:11
 Vaults (0/5) D:14         Depths (0/5) D:15          Sewer (visited)
 Bailey (visited)         Gauntlet (visited)

Altars:
Ashenzari
Cheibriados
Dithmenos
Elyvilon
Fedhas
Gozag
Hepliaklqana
Kikubaaqudgha
Makhleb
Nemelex Xobeh
Okawaru
Qazlal
Ru
Sif Muna
Trog
Uskayaw
Vehumet
Wu Jian
Xom
Yredelemnul
Zin
The Shining One
Beogh

Shops:
D:5 :(}   D:14 [

Annotations:
D:10 3 runed translucent doors, Flugslaktarn's ghost, journeyman DDFi
Swamp:1 1 runed translucent door


Innate Abilities, Weirdness & Mutations

You are resistant to damage.
You can heal yourself by infusing magical energy.
You resist negative energy. (rN+)
You passively map the area around you.
You do not regenerate.
You have sharp toenails.
You can translocate small distances at will.
You are weak. (Str -2)


Message History

You block Frances's attack.
You slash Frances!
Frances is severely wounded.
You hit the large slime creature. You miss the tyrant leech.
A slime creature comes into view.
A large slime creature splits.
Two slime creatures merge to form a large slime creature.
Your smoke demon hits the spiny frog.
Your smoke demon barely misses the spiny frog.
Your smoke demon hits the spiny frog but does no damage.
You block the tyrant leech's attack. Frances hits you but does no damage.
The spiny frog stings your smoke demon.
A slime creature comes into view.
You slice Frances!!
Frances is almost dead.
You slash the slime creature! You hit the large slime creature.
You miss the tyrant leech.
Frances screams a word of power!
Send 'em back where they came from!
Your smoke demon shudders.
Your smoke demon gestures at the spiny frog.
The ball of steam hits the spiny frog!!
The spiny frog barely misses your smoke demon.
Two slime creatures merge to form a very large slime creature.
You block the tyrant leech's attack.
The slime creature hits you but does no damage.
Frances whispers indecipherable words.
You block the iron shot.
You slash Frances!
Frances is almost dead.
You slash the tyrant leech!
You hit the very large slime creature but do no damage.
You slice the slime creature!!
The spiny frog is engulfed in a cloud of scalding steam.
The spiny frog stings your smoke demon!!
Your smoke demon hits the spiny frog.
Your smoke demon hits the spiny frog but does no damage. x2
The very large slime creature hits you!!
* * * LOW HITPOINT WARNING * * *
Frances is engulfed in a cloud of scalding steam.
Frances hits you but does no damage.
The tyrant leech bites you but does no damage.
You are too injured to fight recklessly!
You are too injured to fight recklessly!
You are too injured to fight recklessly!
You are too injured to fight recklessly!
You are too injured to fight recklessly!
You are too injured to fight recklessly!
You are too injured to fight recklessly!
You are too injured to fight recklessly!
You are too injured to fight recklessly!
You are too injured to fight recklessly!
You are too injured to fight recklessly!
You are too injured to fight recklessly!
You are too injured to fight recklessly!
You are too injured to fight recklessly!
You are too injured to fight recklessly!
You are too injured to fight recklessly!
You are too injured to fight recklessly!
You are too injured to fight recklessly!
You are too injured to fight recklessly!
You feel much better.
The slime creature hits you but does no damage.
The spiny frog is engulfed in a cloud of scalding steam.
The spiny frog dies!
Makhleb accepts your kill.
Frances is engulfed in a cloud of scalding steam.
You block Frances's attack.
Two slime creatures merge to form an enormous slime creature.
Your smoke demon gestures at Frances.
The ball of steam hits Frances!
Frances dies!
Makhleb accepts your kill.
The ball of steam hits the slime creature!!
The slime creature is engulfed in a cloud of scalding steam.
The tyrant leech bites you but does no damage.
Your magical essence is drained by the effort!
You feel much better.
The slime creature hits you but does no damage.
Your smoke demon hits the tyrant leech. x2
Your smoke demon hits the tyrant leech but does no damage.
You block the enormous slime creature's attack.
Two slime creatures merge to form a titanic slime creature.
You slash the slime creature!
You kill the slime creature!
Makhleb accepts your kill.
You slash the slime creature! You closely miss the tyrant leech.
You slash the titanic slime creature!
The tyrant leech bites you but does no damage.
Your smoke demon gestures at the tyrant leech.
The sticky flame hits the tyrant leech.
The tyrant leech is covered in liquid flames!
The slime creature hits you but does no damage.
You slash the slime creature!
The slime creature is almost dead.
You slash the tyrant leech! You slash the titanic slime creature!
Two slime creatures merge to form a large slime creature.
Your smoke demon misses the tyrant leech. x3
The titanic slime creature hits you!!!
You die...

,
≈≈♣♣♣..≈≈≈.5....≈.≈≈≈..♣
≈≈
≈≈.≈...≈≈≈≈.♣♣♣♣...≈≈≈..♣
≈ .≈.≈.≈≈≈...♣.....≈≈≈.♣♣
♣≈≈.§≈.♣≈♣♣......≈≈≈.. ,
,,
,≈♣♣.≈≈≈≈.♣♣♣♣♣≈...≈≈≈..
≈ * * ♣.≈≈≈≈.♣ ♣♣.≈.≈≈≈.≈
, , *≈.♣♣...†.♣♣
♣♣♣..≈≈≈≈ , , ♣≈....[..♣♣
♣♣.≈.≈≈ , ♣♣♣...3@..♣ *
♣♣♣.≈≈ , *♣≈≈≈†JwJ...≈♣
♣..≈ ,≈* ♣.≈≈.§.J.≈≈.♣
♣♣≈. ,,≈ ♣.≈≈.§.≈.≈≈.♣
♣♣♣ ≈ ≈ ♣§..§≈≈≈≈..♣♣ *♣.
,≈.≈≈≈≈§≈≈≈≈♣♣ ≈..≈≈ ,
§.≈≈≈≈≈≈≈≈≈♣ ♣.§.≈≈ ,,
♣≈....≈≈≈≈≈. ♣♣..≈≈ * ,
♣♣...


You could see a tyrant leech (burning), a titanic slime creature, a large slime
creature, a slime creature and a friendly smoke demon.

Vanquished Creatures
  An entropy weaver (shapeshifter) (D:14)
  A minotaur (Gauntlet)
  Josephine (D:15)
  2 hydras
  A catoblepas (D:13)
  3 centaur warriors
  7 two-headed ogres
  A titan zombie (D:15)
  An ogre mage (D:15)
  14 skeletal warriors
  A shadow wraith (D:14)
  A wizard (D:15)
  A flayed ghost (D:15)
  An orange crystal statue (Gauntlet)
  3 orc knights
  A necromancer (D:15)
  5 cyclopes
  2 ugly things (D:13)
  5 manticores
  3 deep elf magi
  Joseph (D:7)
  A frost giant skeleton (D:15)
  2 centaur zombies
  An iron dragon skeleton (D:15)
  Maurice (D:8)
  Psyche (D:10)
  2 centaur skeletons
  4 spiny frogs
  2 gargoyles (D:14)
  2 torpor snails
  6 komodo dragons
  A rime drake (Lair:2)
  A guardian mummy (D:15)
  An efreet (D:15)
  3 kobold demonologists
  2 tengu conjurers (D:15)
  4 trolls
  A tyrant leech (Swamp:1)
  2 bog bodies (Lair:2)
  2 hornets
  14 blink frogs
  7 hippogriffs
  Grinder (D:6)
  10 slime creatures
  4 dream sheep (Lair:4)
  An ice dragon zombie (D:15)
  2 meliai zombies
  6 wraiths
  31 yaks
  2 hogs (D:10)
  Grum (D:9)
  A basilisk (Lair:4)
  2 vampires
  3 fire bats (Lair:3)
  2 hungry ghosts
  13 vampire mosquitoes
  A human (D:10)
  Menkaure (D:7)
  4 swamp worms
  Edmund (D:4)
  Duvessa (D:7)
  6 porcupines
  3 acid dragons
  5 water moccasins
  Purgy (Sewer)
  2 sky beasts
  A hornet zombie (D:15)
  14 orc warriors
  A meliai simulacrum (D:15)
  The ghost of shugdite the Slasher, an amateur MiMo of Okawaru (D:5)
  4 black bears
  An ice beast (D:10)
  An eye of draining (D:14)
  4 phantoms
  6 ogres
  3 necrophages
  3 wolves (D:9)
  10 centaurs
  4 crocodiles
  4 big kobolds
  11 bullfrogs
  Dowan (D:7)
  2 scorpions
  3 killer bees (D:12)
  9 wights
  2 electric eels
  5 howler monkeys
  6 crimson imps
  2 bullfrog zombies
  13 orc priests
  8 hounds
  8 jellies
  16 orc wizards
  3 bullfrog skeletons
  12 worker ants
  3 iguanas
  A hound zombie (D:6)
  A hound skeleton (D:6)
  3 worker ant zombies
  Robin (D:3)
  3 gnolls (D:6)
  A howler monkey skeleton (D:7)
  13 adders
  4 shadow imps
  4 oozes
  An adder zombie (D:7)
  An adder skeleton (D:7)
  2 worms
  2 dart slugs
  5 leopard geckos
  73 orcs
  4 bats
  6 giant cockroaches
  2 gnoll zombies (D:4)
  14 goblins
  9 hobgoblins
  4 jackals (D:2)
  12 quokkas
  2 ball pythons
  4 frilled lizards
  20 kobolds
  3 leopard gecko skeletons
  A quokka skeleton (D:4)
  9 rats
  A fungus (Lair:2)
  2 plants
  2 withered plants (D:15)
591 creatures vanquished.

Vanquished Creatures (collateral kills)
  Frances (Swamp:1)
  2 spiny frogs (Swamp:1)
  2 komodo dragons
  2 vampire mosquitoes (Swamp:1)
  A swamp drake (Swamp:1)
  6 orc warriors (Bailey)
  An orc (Bailey)
15 creatures vanquished.

Vanquished Creatures (others)
  A wight (D:15)
  A fungus (Lair:4)
2 creatures vanquished.

Grand Total: 608 creatures vanquished

Notes
Turn   | Place    | Note
-------+----------+-------------------------------------------
     0 | D:1      | EnegeticOcto the Deep Dwarf Fighter began the quest for the
                  | Orb.
     0 | D:1      | Reached XP level 1. HP: 20/20 MP: 1/1
   137 | D:2      | Reached XP level 2. HP: 27/27 MP: 2/2
   176 | D:2      | Reached XP level 3. HP: 26/34 MP: 3/3
   410 | D:2      | Found a faded altar of an unknown god.
   452 | D:2      | Found a sacrificial altar of Ru.
   458 | D:2      | Reached XP level 4. HP: 27/42 MP: 4/4
   624 | D:4      | Found a shadowy altar of Dithmenos.
   637 | D:4      | Reached XP level 5. HP: 23/50 MP: 5/5
   647 | D:4      | Noticed Edmund
   670 | D:4      | Reached XP level 6. HP: 46/57 MP: 5/5
   695 | D:4      | Killed Edmund
   808 | D:4      | Reached skill level 5 in Axes
   880 | D:4      | Reached XP level 7. HP: 51/66 MP: 6/6
  1215 | D:4      | Found a basalt altar of Yredelemnul.
  1248 | D:5      | Entered Level 5 of the Dungeon
  1256 | D:5      | Found a blossoming altar of Fedhas.
  1274 | D:5      | Noticed shugdite's ghost (amateur MiMo)
  1275 | D:5      | Found a runed translucent gate.
  1277 | D:5      | Found a runed translucent gate.
  1278 | D:5      | Found a runed translucent gate.
  1280 | D:5      | Found Seatwuru's Book Boutique.
  1283 | D:5      | Identified the +8 trident of the Jolly Deaths {vorpal,
                  | rPois rC+ Dex+2}
  1307 | D:5      | You fall into a shaft and drop 3 floors!
  1431 | D:7      | Reached skill level 5 in Fighting
  1621 | D:5      | Reached skill level 5 in Shields
  1626 | D:5      | Found Jadanew's Weapon Boutique.
  1742 | D:5      | Found Quepso's Gadget Shop.
  1877 | D:5      | Found a glowing drain.
  1892 | Sewer    | Entered a sewer
  2000 | Sewer    | Noticed Purgy
  2010 | Sewer    | Killed Purgy
  2010 | Sewer    | Reached skill level 5 in Armour
  2175 | D:5      | Found a roughly hewn altar of Beogh.
  2215 | D:5      | Killed shugdite's ghost
  2215 | D:5      | Reached XP level 8. HP: 76/76 MP: 5/5
  2315 | D:6      | Found an ornate altar of the Wu Jian Council.
  2368 | D:6      | Found a hazy altar of Hepliaklqana.
  2368 | D:6      | Found a snail-covered altar of Cheibriados.
  2521 | D:6      | Found a staircase to the Ecumenical Temple.
  2541 | Temple   | Entered the Ecumenical Temple
  2840 | D:3      | Found an opulent altar of Gozag.
  3101 | D:3      | Found a stormy altar of Qazlal.
  3177 | D:3      | Noticed Robin
  3188 | D:3      | Killed Robin
  3728 | D:6      | Gained mutation: You passively map the area around you.
                  | [Deep Dwarf growth]
  3728 | D:6      | Reached XP level 9. HP: 67/85 MP: 6/6
  3729 | D:6      | Found a sparkling altar of Nemelex Xobeh.
  3764 | D:6      | Noticed Grinder
  3768 | D:6      | Killed Grinder
  4161 | D:7      | Found a burning altar of Makhleb.
  4257 | D:7      | Became a worshipper of Makhleb the Destroyer
  4377 | D:7      | Noticed Dowan
  4384 | D:7      | Reached skill level 1 in Invocations
  4394 | D:7      | Killed Dowan
  4398 | D:7      | Noticed Duvessa
  4410 | D:7      | Killed Duvessa
  4410 | D:7      | Reached skill level 2 in Invocations
  4452 | D:7      | Noticed Joseph
  4463 | D:7      | Killed Joseph
  4463 | D:7      | Reached skill level 3 in Invocations
  4475 | D:7      | Noticed Menkaure
  4481 | D:7      | Killed Menkaure
  4880 | D:8      | Noticed Maurice
  4883 | D:8      | Reached skill level 4 in Invocations
  4885 | D:8      | Identified a scroll of acquirement
  4885 | D:8      | Identified the amulet of Vainta {Faith rElec Str+4} (You
                  | acquired it on level 8 of the Dungeon)
  4899 | D:8      | Killed Maurice
  4941 | D:8      | Reached XP level 10. HP: 84/96 MP: 10/10
  4966 | D:8      | Reached * piety under Makhleb
  5003 | D:8      | Found a hide-covered altar of Uskayaw.
  5077 | D:8      | Paralysed by a hornet for 3 turns
  5082 | D:8      | Reached skill level 5 in Invocations
  5509 | D:9      | Gained mutation: You are weak. (Str -2) [potion of
                  | mutation]
  5509 | D:9      | Gained mutation: You have sharp toenails. [potion of
                  | mutation]
  5509 | D:9      | Gained mutation: You can translocate small distances at
                  | will. [potion of mutation]
  5518 | D:9      | Noticed a two-headed ogre
  5527 | D:9      | Killed a two-headed ogre
  5527 | D:9      | Reached skill level 6 in Invocations
  5606 | D:9      | Reached ** piety under Makhleb
  5657 | D:9      | Noticed Grum
  5670 | D:9      | Killed Grum
  5670 | D:9      | Reached skill level 10 in Axes
  5685 | D:9      | Noticed a manticore
  5701 | D:9      | Reached skill level 7 in Invocations
  5703 | D:9      | Killed a manticore
  5849 | D:10     | Entered Level 10 of the Dungeon
  5849 | D:10     | Found a staircase to the Lair.
  5897 | D:10     | Reached XP level 11. HP: 105/106 MP: 11/11
  5998 | D:10     | Found a glowing golden altar of the Shining One.
  6018 | D:10     | Noticed Psyche
  6029 | D:10     | Killed Psyche
  6029 | D:10     | Reached skill level 8 in Invocations
  6129 | D:10     | Found a runed translucent gate.
  6129 | D:10     | Found a runed translucent gate.
  6131 | D:10     | Reached *** piety under Makhleb
  6135 | D:10     | Found a runed translucent gate.
  6146 | D:10     | Noticed Flugslaktarn's ghost (journeyman DDFi)
  6535 | D:11     | Noticed a skeletal warrior
  6535 | D:11     | Noticed a skeletal warrior
  6536 | D:11     | Noticed a skeletal warrior
  6543 | D:11     | Noticed a skeletal warrior
  6548 | D:11     | Noticed a skeletal warrior
  6550 | D:11     | Killed a skeletal warrior
  6557 | D:11     | Killed a skeletal warrior
  6561 | D:11     | Killed a skeletal warrior
  6561 | D:11     | Reached skill level 9 in Invocations
  6571 | D:11     | Killed a skeletal warrior
  6578 | D:11     | Killed a skeletal warrior
  6709 | D:11     | Reached **** piety under Makhleb
  6731 | D:11     | Reached skill level 10 in Fighting
  6790 | D:11     | Found a staircase to the Orcish Mines.
  6809 | D:11     | Reached skill level 10 in Invocations
  6814 | D:11     | Reached XP level 12. HP: 116/116 MP: 14/14
  7278 | D:12     | Found a flagged portal.
  7286 | Bailey   | Entered a bailey
  7323 | Bailey   | Reached ***** piety under Makhleb
  7791 | D:13     | Reached skill level 11 in Invocations
  7921 | D:13     | Noticed a centaur warrior
  7938 | D:13     | Killed a centaur warrior
  7988 | D:13     | Noticed a catoblepas
  7989 | D:13     | Noticed a two-headed ogre
  7996 | D:13     | Killed a catoblepas
  7999 | D:13     | Killed a two-headed ogre
  8178 | D:14     | Noticed an anaconda
  8178 | D:14     | a shock serpent changed into an anaconda
  8179 | D:14     | an anaconda changed into a shock serpent
  8191 | D:14     | Noticed an entropy weaver
  8191 | D:14     | a shock serpent changed into an entropy weaver
  8193 | D:14     | Noticed a five-headed hydra
  8193 | D:14     | an entropy weaver changed into a five-headed hydra
  8196 | D:14     | Noticed a satyr
  8196 | D:14     | an eight-headed hydra changed into a satyr
  8198 | D:14     | Noticed an alligator
  8198 | D:14     | a satyr changed into an alligator
  8200 | D:14     | Noticed a seven-headed hydra
  8200 | D:14     | an alligator changed into a seven-headed hydra
  8201 | D:14     | an eight-headed hydra changed into something unseen
  8206 | D:14     | Noticed a storm dragon
  8207 | D:14     | Noticed an entropy weaver
  8207 | D:14     | a storm dragon changed into an entropy weaver
  8213 | D:14     | Killed an entropy weaver
  8213 | D:14     | Reached skill level 12 in Invocations
  8213 | D:14     | Reached XP level 13. HP: 77/127 MP: 1/17
  8326 | D:14     | Found a gate to the Vaults.
  8372 | D:14     | Found Winasuw's Armour Boutique.
  8437 | D:14     | Reached ****** piety under Makhleb
  8521 | D:14     | Reached skill level 10 in Shields
  8965 | D:15     | Entered Level 15 of the Dungeon
  8979 | D:15     | Found a staircase to the Depths.
  8987 | D:15     | Reached skill level 10 in Armour
  9025 | D:15     | Reached skill level 13 in Invocations
  9286 | D:15     | Noticed Josephine
  9298 | D:15     | Killed Josephine
  9322 | D:15     | Gained mutation: You resist negative energy. (rN+) [Deep
                  | Dwarf growth]
  9322 | D:15     | Reached XP level 14. HP: 138/138 MP: 18/18
  9566 | D:15     | Reached skill level 14 in Invocations
  9929 | Lair:1   | Entered Level 1 of the Lair of Beasts
 10537 | Lair:2   | Found a staircase to the Swamp.
 11349 | Lair:3   | Found a hole to the Spider Nest.
 11572 | Lair:4   | Found a gate leading to a gauntlet.
 11595 | Gauntlet | Entered a Gauntlet
 11595 | Gauntlet | Found a transporter.
 11595 | Gauntlet | Found a transporter.
 11595 | Gauntlet | Found a runed translucent door.
 11595 | Gauntlet | Found a runed translucent door.
 11604 | Gauntlet | Found a transporter.
 11608 | Gauntlet | Found a transporter.
 11614 | Gauntlet | Found a runed translucent gate.
 11616 | Gauntlet | Found a transporter.
 11617 | Gauntlet | Found a runed translucent gate.
 11618 | Gauntlet | Found a runed translucent gate.
 11620 | Gauntlet | Found a transporter.
 11629 | Gauntlet | Found a transporter.
 11642 | Gauntlet | Found the -2 hat of the Alchemist {rElec rPois rF+ rC+ rN+
                  | MR+ rMut rCorr}
 11643 | Gauntlet | Found a transporter.
 11647 | Gauntlet | Found a runed translucent door.
 11661 | Gauntlet | Found a transporter.
 11662 | Gauntlet | Found a transporter.
 11670 | Gauntlet | Found a transporter.
 11674 | Gauntlet | Found a transporter.
 11794 | Gauntlet | Got a jewelled hat
 11795 | Gauntlet | Identified the +1 hat of Baldness {rC+ Str-3 Dex+3} (You
                  | found it in a Gauntlet)
 12127 | Swamp:1  | Entered Level 1 of the Swamp
 12227 | Swamp:1  | Found a runed translucent door.
 12237 | Swamp:1  | Noticed Frances
 12243 | Swamp:1  | Reached skill level 15 in Invocations
 12254 | Swamp:1  | Killed Frances
 12257 | Swamp:1  | Slain by a titanic slime creature

Levels and vault maps discovered:
D:1:      onia_arrival_larder, layout_loops_ring
D:2:      layout_rooms, chequers_ecumenical_altar_simple,
          grunt_decor_one_mirror, nicolae_ru_great_annihilating_truth
D:3:      layout_loops_ring, nicolae_overflow_hidden_temple, first_ration,
          nicolae_gozag_cash_rules_everything_around_me, uniq_robin
D:4:      layout_basic, lemuel_zombie_altar_yredelemnul,
          nicolae_dithmenos_shadow_blocks, uniq_edmund
D:5:      layout_cave_pools, old_standard_altar, biasface_ghost_orc_armoury,
          portal_sewer_entry_f, serial_shops, shop,
          nicolae_shop_temple_entry_statues_fountains, nicolae_shop_trees,
          minmay_statues_item
D:6:      layout_cave_pods, nicolae_overflow_crystal_walls,
          lemuel_crystal_altar, gammafunk_temple_overflow_statue,
          minmay_temple_entry_ruins, uniq_grinder
D:7:      layout_loops_ring, marbit_many_paths, uniq_duvessa, uniq_joseph,
          uniq_menkaure
D:8:      layout_gridville, eat_drink_and_be_merry_uskayaw, uniq_maurice
D:9:      layout_roguey, uniq_grum
D:10:     layout_cave_pools, lair_entry_dummy, gammafunk_ghost_spectres,
          grunt_livestock, tso_metal_star, uniq_psyche
D:11:     layout_gridville, david_orc_3
D:12:     layout_loops_ring, enter_bailey_6
D:13:     layout_rooms
D:14:     layout_roguey, david_vaults_4, serial_shops, shop
D:15:     gammafunk_depths_entry_grave, layout_irregular_city,
          grunt_decor_mini_mirrors, uniq_josephine
Temple:   dshaligram_water_room_temple
Lair:1:   layout_cave_pods, serial_bayou_lagoon_a
Lair:2:   layout_chaotic_city, nicolae_swamp_entry_splash_gauntlet,
          lemuel_fruit_fields, serial_bayou_shore_a
Lair:3:   layout_chaotic_city, dummy_spider_entry
Lair:4:   lemuel_slime, layout_misc_corridors, gauntlet_entry_generic,
          infiniplex_staircase_pool
Swamp:1:  layout_basic_swamp, ebering_ghost_reflecting_pool,
          evilmike_swamp_ruin_house_3, swamp_pool4,
          nicolae_swamp_trees_clearing, uniq_frances

Skill      XL: |  1  2  3  4  5  6  7  8  9 10 11 12 13 14 |
---------------+-------------------------------------------+-----
Fighting       | 3 4 5 6 7 9 10 11 12 | 12.9
Axes           | 3 4 5 6 7 9 10 11 12 13 14 | 14.7
Armour         | 4 5 6 7 8 9 10 11 | 11.1
Shields        | 4 5 6 7 8 9 10 11 | 11.2
Invocations    | 4 7 10 12 13 15 | 15.0

Action                   |  1- 3 |  4- 6 |  7- 9 | 10-12 | 13-15 || total
-------------------------+-------+-------+-------+-------+-------++-------
Melee: War axe           |    73 |   132 |    96 |       |       ||   301
       Broad axe         |       |       |   219 |   552 |   619 ||  1390
Invok: Lesser Servant of |       |       |       |     1 |     7 ||     8
 Abil: Heal Wounds       |       |     6 |    12 |     8 |    11 ||    37
  Use: Scroll            |       |       |    12 |    10 |    11 ||    33
       Potion            |       |       |       |     3 |       ||     3
 Stab: Paralysed         |       |     1 |       |       |       ||     1
       Distracted        |       |       |       |     1 |     3 ||     4
  Eat: Chunk             |       |     1 |    13 |    15 |    14 ||    43
Armor: Scale mail        |    46 |       |       |       |       ||    46
       Chain mail        |     3 |    87 |    58 |       |       ||   148
       Plate armour      |       |       |   107 |   436 |   448 ||   991
Dodge: Dodged            |    32 |    34 |    61 |   157 |   174 ||   458
Block: Kite shield       |    59 |    72 |   189 |   453 |   414 ||  1187

Table legend:
 A = Non-vault XP
 B = Vault XP
 C = Vault XP percentage of total XP
 D = Non-vault monster count
 E = Vault monster count
 F = Vault count percentage of total count
                 A         B        C        D         E       F
            +---------+---------+-------+---------+---------+-------
      Total |   75788 |   22654 |  23.0 |     479 |     123 |  20.4
            +---------+---------+-------+---------+---------+-------
        D:1 |       5 |       4 |  44.4 |       3 |       4 |  57.1
        D:2 |      74 |      57 |  43.5 |      26 |       4 |  13.3
        D:3 |     343 |      40 |  10.4 |      31 |      13 |  29.5
        D:4 |     432 |     166 |  27.8 |      22 |       3 |  12.0
        D:5 |     157 |     377 |  70.6 |       4 |      17 |  81.0
        D:6 |    1027 |     258 |  20.1 |      33 |       1 |   2.9
        D:7 |     550 |     875 |  61.4 |      19 |       4 |  17.4
        D:8 |    1181 |     449 |  27.5 |      13 |       1 |   7.1
        D:9 |    3309 |     546 |  14.2 |      35 |       4 |  10.3
       D:10 |    3036 |    1411 |  31.7 |      33 |       6 |  15.4
       D:11 |    7486 |     341 |   4.4 |      28 |       9 |  24.3
       D:12 |    3495 |       0 |   0.0 |      22 |       0 |   0.0
       D:13 |    8104 |       0 |   0.0 |      41 |       0 |   0.0
       D:14 |    8598 |    2663 |  23.6 |      43 |       3 |   6.5
       D:15 |   20912 |    6543 |  23.8 |      55 |      14 |  20.3
     Lair:1 |     311 |       0 |   0.0 |       3 |       0 |   0.0
     Lair:2 |    3121 |    1081 |  25.7 |      10 |       6 |  37.5
     Lair:3 |    6046 |       0 |   0.0 |      25 |       0 |   0.0
     Lair:4 |    4427 |       0 |   0.0 |      20 |       0 |   0.0
    Swamp:1 |    3174 |    2152 |  40.4 |      13 |       1 |   7.1
      Sewer |       0 |     141 | 100.0 |       0 |       6 | 100.0
     Bailey |       0 |    2158 | 100.0 |       0 |      18 | 100.0
   Gauntlet |       0 |    3392 | 100.0 |       0 |       9 | 100.0
            +---------+---------+-------+---------+---------+-------
